 Dungeon Crawl Stone Soup version 0.31.0-32-g396128a36d (webtiles) character file.

Game seed: 14716067664959745416

1458 monsoonserge the Skirmisher (level 8, -4/59 (63) HPs)
             Began as a White Draconian Hexslinger on Mar 12, 2024.
             Was a Follower of Cheibriados.
             Slain by an orc warrior
             ... wielding a +0 trident
              (17 damage)
             ... on level 6 of the Dungeon on Mar 13, 2024.
             The game lasted 00:19:50 (5195 turns).

monsoonserge the Skirmisher (DrHs)                  Turns: 5195, Time: 00:19:51

HP:   -4/59 (63)    AC:  7    Str: 14    XL:     8   Next: 47%
MP:   8/10          EV: 13    Int: 16    God:    Cheibriados [*.....]
Gold: 275           SH:  0    Dex: 19    Spells: 8/10 levels left

rFire   . . .        a - +2 sling
rCold   + . .        (no shield)
rNeg    . . .        (body armour unavailable)
rPois   .            (helmet restricted)
rElec   .            A - +0 cloak
rCorr   .            (no gloves)
SInv    .            (no boots)
Will    .....        (no amulet)
Stlth   ++           (no ring)
HPRegen 0.29/turn    (no ring)
MPRegen 0.12/turn

%: no passive effects
@: short of breath, weak-willed, jinxed, drained, very slow
A: breathe frost, AC +6, unfitting armour, cold resistance 1, cold-blooded
a: Breathe Frost, Renounce Religion, Bend Time


You were on level 6 of the Dungeon.
You worshipped Cheibriados.
Cheibriados was aware of your devotion.
You visited 2 branches of the dungeon, and saw 7 of its levels.

You collected 275 gold pieces.

Inventory:

Hand Weapons
 a - a +2 sling (weapon)
Missiles
 f - 4 silver javelins
 l - 8 poisoned darts
Armour
 A - a +0 cloak (worn)
Jewellery
 u - an amulet of faith
Talismans
 d - a blade talisman
Wands
 k - a wand of paralysis (9)
 n - a wand of polymorph (18)
 v - a wand of iceblast (5)
Scrolls
 b - a scroll of poison
 c - 2 scrolls of fear {unknown}
 e - a scroll of revelation {unknown}
 g - a scroll of teleportation {unknown}
 h - a scroll of immolation {unknown}
 i - a scroll of vulnerability {unknown}
 j - a scroll of enchant weapon
 p - a scroll of noise {unknown}
 s - 5 scrolls of identify {unknown}
 y - a scroll of silence {unknown}
Potions
 m - a potion of heal wounds
 o - a potion of might {unknown}
 q - 2 potions of mutation {unknown}
 r - a potion of berserk rage {unknown}
 t - a potion of cancellation {unknown}
 w - 3 potions of curing {unknown}
 x - 2 potions of haste {unknown}
 z - 2 potions of enlightenment {unknown}


   Skills:
 + Level 3.4 Fighting
 + Level 8.2 Ranged Weapons
 + Level 2.9 Dodging
 + Level 1.1 Stealth
 + Level 1.9 Spellcasting
 + Level 3.5 Hexes
 - Level 1.0 Fire Magic
 * Level 2.1 Invocations


You had 8 spell levels left.
You knew the following spells:

 Your Spells              Type           Power      Damage    Failure   Level
a - Jinxbite              Hex            24%        N/A       8%          2

Your spell library contained the following spells:

 Spells                   Type           Power      Damage    Failure   Level
 Sigil of Binding         Hex            12%        N/A       14%         3
 Apportation              Tloc           2%         N/A       22%         1
 Sandblast                Erth           2%         2d4       22%         1
 Inner Flame              Hex/Fire       8%         N/A       24%         3
 Static Discharge         Conj/Air       2%         3-4/arc   32%         2
 Cause Fear               Hex            6%         N/A       43%         4
 Passwall                 Erth           1%         N/A       54%         3
 Stone Arrow              Conj/Erth      2%         3d7       54%         3
 Dimensional Bullseye     Hex/Tloc       3%         N/A       69%         4
 Airstrike                Air            0%         2d(1-17)  91%         4
 Brom's Barrelling Bould  Conj/Erth      1%         2d3       91%         4
 Summon Lightning Spire   Summ/Air       1%         N/A       91%         4
 Alistair's Intoxication  Alch           0%         N/A       99%         5
 Lee's Rapid Deconstruct  Erth           0%         3d4*      99%         5
 Animate Armour           Summ/Erth      Unusable   N/A       N/A         4

Dungeon Overview and Level Annotations

Branches:
Dungeon (6/15)             Temple (1/1) D:5

Altars:
Ashenzari
Cheibriados
Dithmenos
Elyvilon
Fedhas
Gozag
Kikubaaqudgha
Makhleb
Ru
Sif Muna
Trog
Uskayaw
Vehumet
Wu Jian
Xom
Yredelemnul
Zin
The Shining One

Shops:
D:2 (


Innate Abilities, Weirdness & Mutations

You can breathe waves of freezing cold which knock back foes.
Your icy white scales are hard. (AC +6)
You cannot fit into any form of body armour.
Your flesh is cold resistant. (rC+)
You are cold-blooded and may be slowed by cold attacks.


Message History

Fire: a) +2 sling
Press: ? - help, Q - select action, (/) - cycle Shift-Dir - straight line, f/p - orc warrior
Aim: an orc warrior, wielding a +0 trident and wearing a +0 chain mail (heavily wounded, 63% to hit)
You shoot a sling bullet.
The sling bullet hits the orc warrior but does no damage.
The orc warrior is heavily wounded.
The orc warrior misses you.
Fire: a) +2 sling
Press: ? - help, Q - select action, (/) - cycle Shift-Dir - straight line, f/p - orc warrior
Aim: an orc warrior, wielding a +0 trident and wearing a +0 chain mail (heavily wounded, 63% to hit)
You shoot a sling bullet.
The sling bullet completely misses the orc warrior.
The orc warrior hits you from afar with a +0 trident.
Fire: a) +2 sling
Press: ? - help, Q - select action, (/) - cycle Shift-Dir - straight line, f/p - orc warrior
Aim: an orc warrior, wielding a +0 trident and wearing a +0 chain mail (heavily wounded, 63% to hit)
You shoot a sling bullet.
The sling bullet closely misses the orc warrior.
The orc warrior misses you.
Fire: a) +2 sling
Press: ? - help, Q - select action, (/) - cycle Shift-Dir - straight line, f/p - orc warrior
Aim: an orc warrior, wielding a +0 trident and wearing a +0 chain mail (heavily wounded, 63% to hit)
You shoot a sling bullet.
The sling bullet closely misses the orc warrior.
A phantom comes into view.
The orc warrior misses you.
Casting: Jinxbite (safe; 8% risk of failure)
Confirm with . or Enter, or press ? or * to list all spells.
You beckon some vexing sprites to accompany your attacks.
You feel your willpower being sapped.
The orc warrior hits you from afar with a +0 trident!
* * * LOW HITPOINT WARNING * * *
Unknown command.
Fire: a) +2 sling
Press: ? - help, Q - select action, (/) - cycle Shift-Dir - straight line, f/p - orc warrior
Aim: an orc warrior, wielding a +0 trident and wearing a +0 chain mail (heavily wounded, chance to call a sprite on attack: 46%, 63% to hit)
You shoot a sling bullet.
The sling bullet completely misses the orc warrior.
The orc warrior hits you from afar with a +0 trident!
You die...

... ... ... ... ... ).
#.# )# +############
####W##.##.#.......#.##
#.....o....#.......#...
#..........#.......#...
+.....@....#.<.....#...
#..........#.......#...
#..........#.......#...
####.###...#.......#)##
##.#####'#..........#
#........'..........#
+........#..........#
###'###'######..........#
................######...


You could see an orc warrior and a phantom.

Vanquished Creatures
  A water moccasin (D:5)
  An ogre (D:5)
  A phantom (D:5)
  2 bullfrogs
  3 scorpions
  4 wights (D:6)
  2 bombardier beetles
  2 jellies (D:4)
  3 orc priests
  A gnoll bouda (D:5)
  5 orc wizards
  3 iguanas (D:5)
  7 gnolls
  6 adders
  A shadow imp (D:6)
  A white imp (D:5)
  2 ufetubi (D:5)
  2 dart slugs
  2 ribbon worms
  19 orcs
  5 endoplasms
  14 giant cockroaches
  4 goblins
  2 hobgoblins
  3 kobolds
  4 quokkas
  8 ball pythons
  3 frilled lizards (D:2)
  4 rats
115 creatures vanquished.

Notes
Turn   | Place    | Note
-------+----------+-------------------------------------------
     0 | D:1      | monsoonserge the Draconian Hexslinger began the quest for
                  | the Orb.
     0 | D:1      | Reached XP level 1. HP: 16/16 MP: 2/2
    73 | D:1      | Reached skill level 2 in Ranged Weapons
    97 | D:1      | Reached XP level 2. HP: 23/23 MP: 3/3
   148 | D:1      | Learned a level 2 spell: Jinxbite
   627 | D:2      | Reached XP level 3. HP: 22/28 MP: 4/4
  1024 | D:2      | Found Moebud's Weapon Boutique.
  1841 | D:3      | Reached skill level 3 in Ranged Weapons
  2044 | D:3      | Reached XP level 4. HP: 6/35 MP: 5/5
  2495 | D:3      | Reached skill level 4 in Ranged Weapons
  2614 | D:4      | Reached XP level 5. HP: 36/41 MP: 1/6
  2674 | D:4      | Found a basalt altar of Yredelemnul.
  2912 | D:4      | Found a shimmering altar of Xom.
  3135 | D:4      | Reached skill level 5 in Ranged Weapons
  3135 | D:4      | Reached XP level 6. HP: 48/48 MP: 4/7
  3349 | D:4      | You fall into a shaft and drop 1 floor!
  3349 | D:5      | Entered Level 5 of the Dungeon
  3359 | D:5      | Noticed a water moccasin
  3370 | D:5      | Killed a water moccasin
  3496 | D:5      | Found a burning altar of Makhleb.
  3516 | D:5      | Reached skill level 6 in Ranged Weapons
  3525 | D:5      | Your scales start taking on an icy white colour.
  3525 | D:5      | Reached XP level 7. HP: 33/56 MP: 6/8
  3525 | D:5      | Gained mutation: Your flesh is cold resistant. (rC+) [White
                  | Draconian growth]
  3660 | D:5      | Reached skill level 1 in Fire Magic
  3828 | D:5      | Found a staircase to the Ecumenical Temple.
  3838 | Temple   | Entered the Ecumenical Temple
  3846 | Temple   | Became a worshipper of Cheibriados the Contemplative
  4296 | D:5      | Reached skill level 7 in Ranged Weapons
  4412 | D:5      | Reached * piety under Cheibriados
  4413 | D:5      | Reached XP level 8. HP: 54/62 MP: 10/10
  4709 | D:6      | Reached skill level 1 in Invocations
  4841 | D:6      | Reached skill level 1 in Stealth
  5023 | D:6      | Reached skill level 8 in Ranged Weapons
  5195 | D:6      | Slain by an orc warrior

Illustrated notes

Levels and vault maps discovered:
D:1:      mushboom_english_gardens, layout_basic
D:2:      layout_basic, serial_shops, shop, minmay_misc_feat_more_columns
D:3:      minmay_roachtagon, layout_basic, columned_hall_lemuel,
          minmay_increasing_density
D:4:      layout_basic, kennysheep_mini_moat, mainiacjoe_overflow_alcove_2,
          mainiacjoe_overflow_paths, okawaru_ov_weapons_minmay,
          grunt_decor_mini_mirrors
D:5:      layout_basic, lemuel_round_altar, temple_hall
D:6:      layout_gridville, serial_shops, nicolae_shop_advertising_works
          [nicolae_subvault_shop_adworks]
Temple:   nicolae_temple_no_exploring_needed

Skill      XL: |  1  2  3  4  5  6  7  8 |
---------------+-------------------------+-----
Ranged Weapons | 2 3 4 5 6 7 8 |  8.2
Dodging        | 2 |  2.9
Hexes          | 3 |  3.5
Fighting       | 2 3 |  3.4
Fire Magic     | 0 1 |  1.0
Invocations    | 2 |  2.1
Stealth        | 1 |  1.1
Spellcasting   | |  1.9

Action                     |  1- 3 |  4- 6 |  7- 9 || total
---------------------------+-------+-------+-------++-------
  Melee: Sling             |     5 |       |       ||     5
   Fire: Sling             |   139 |   172 |   181 ||   492
   Cast: Jinxbite          |     3 |     8 |    14 ||    25
 Invoke: Bend Time         |       |       |     1 ||     1
Ability: Breathe Frost     |       |       |    10 ||    10
  Evoke: Wand              |       |       |     2 ||     2
    Use: Potion            |     1 |       |     2 ||     3
         Scroll            |       |       |     1 ||     1
 Armour: Skin              |    81 |    73 |    90 ||   244
  Dodge: Dodged            |    56 |    80 |    90 ||   226
